 Dungeon Sprint DCSS version 0.30-a0-634-g8abc85282e (webtiles) character file.

Game seed: 3795806956083656428

12518 mhtbhm the Brawler (level 11, -26/102 HPs)
             Began as a Troll Transmuter on Jan 15, 2023.
             Was an Initiate of Gozag.
             Shot with a bolt by a yaktaur captain (34 damage)
             ... in the Dungeon (Sprint III: "The Ten Rune Challenge").
             The game lasted 00:10:46 (3379 turns).

mhtbhm the Brawler (Troll Transmuter)               Turns: 3379, Time: 00:10:46

Health: -26/102    AC:  6    Str: 24    XL:     11   Next: 63%
Magic:  21/23      EV: 12    Int:  9    God:    Gozag
Gold:   6410       SH:  5    Dex: 10    Spells: 18/28 levels left

rFire   + . .      SeeInvis .      - Unarmed
rCold   . . .      Faith    .    (no shield)
rNeg    . . .      Spirit   .    a - +2 robe {rF+}
rPois   .          Reflect  +    (helmet currently unavailable)
rElec   .          Harm     .    y - scarf {repulsion}
rCorr   .          Rampage  .    (gloves unavailable)
Will    .....      NoTele   +    (boots unavailable)
Stlth   +++                      s - amulet of reflection
HPRegen 1.17/turn                t - ring of flight
MPRegen 0.18/turn                (no ring)

@: appendages, wereblooded, flying, repel missiles
A: horns 2, talons 2, large, unfitting armour, claws 3, regeneration 1, shaggy
fur 1, tough skin 1
a: End Transformation, Renounce Religion, Potion Petition, Call Merchant, Bribe
Branch


You were in the Dungeon.
You worshipped Gozag.
Gozag was greatly pleased with you.
You had temporarily grown beastly horns and talons.
You visited 1 branch You collected 8155 gold pieces.
You spent 1745 gold pieces at shops.

Inventory:

Missiles
 d - 7 curare-tipped darts
Armour
 a - a +2 robe of fire resistance (worn)
 k - a +0 cloak
 y - a scarf of repulsion (worn)
Magical Staves
 v - a staff of poison
Jewellery
 s - an amulet of reflection (around neck)
 t - a ring of flight (left claw)
Wands
 j - a wand of light (9)
Scrolls
 h - a scroll of blinking
 i - a scroll of amnesia
 l - 2 scrolls of poison
 p - a scroll of immolation
 u - 2 scrolls of torment {unknown}
 B - a scroll of fear
Potions
 b - a potion of lignification
 c - 6 potions of curing
 e - 3 potions of haste
 f - 2 potions of magic
 g - a potion of berserk rage
 n - 2 potions of brilliance {unknown}
 o - 2 potions of flight
 q - 4 potions of mutation
 w - a potion of heal wounds
 x - a potion of might
 z - a potion of attraction {unknown}
 A - a potion of invisibility {unknown}
Miscellaneous
 r - a condenser vane (inert)


   Skills:
 + Level 5.0 Fighting
 + Level 8.3 Dodging
 + Level 5.6 Stealth
 + Level 16.3 Unarmed Combat
 + Level 9.3 Spellcasting
 + Level 9.7 Transmutations
 + Level 4.9 Ice Magic
 + Level 2.7 Poison Magic
 + Level 3.4 Evocations


You had 18 spell levels left.
You knew the following spells:

 Your Spells              Type           Power      Damage    Failure   Level
a - Beastly Appendage     Tmut           42%        N/A       1%          1
b - Wereblood             Tmut           21%        N/A       1%          2
c - Spider Form           Tmut/Pois      15%        N/A       3%          3
d - Ice Form              Ice/Tmut       17%        N/A       8%          4

Your spell library contained the following spells:

 Spells                   Type           Power      Damage    Failure   Level
 Alistair's Intoxication  Tmut/Pois      10%        N/A       34%         5
 Eringya's Noxious Bog    Tmut/Pois      7%         N/A       88%         6
 Borgnjor's Vile Clutch   Necr/Erth      2%         N/A       99%         5


Dungeon Overview and Level Annotations

Branches:
Dungeon (1/1)

Altars:
Cheibriados
Dithmenos
Elyvilon
Fedhas
Gozag
Hepliaklqana
Kikubaaqudgha
Makhleb
Nemelex Xobeh
Okawaru
Qazlal
Ru
Sif Muna
Trog
Uskayaw
Vehumet
Wu Jian
Xom
Yredelemnul
Zin
The Shining One
Jiyva
Lugonu

Shops:
D ((!:[(=*[*:?


Innate Abilities, Weirdness & Mutations

You have temporarily grown beastly horns and talons.
You are too large for most types of armour.
You have claws for hands.
Your natural rate of healing is unusually fast.
You are covered in fur. (AC +1)
You have tough skin. (AC +1)


Message History

Unknown command.
Casting: Wereblood (safe; 1% risk of failure)
Confirm with . or Enter, or press ? or * to list all spells.
Okay, then.
Unknown command.
You start waiting.
Your transformation is almost over.
HP restored.
You warm up again.
Your scarf of repulsion unmelds from your body.
Your +2 robe of fire resistance unmelds from your body.
You are surrounded by a repulsion field.
You feel resistant to fire.
Unknown command.
Casting: Wereblood (safe; 1% risk of failure)
Confirm with . or Enter, or press ? or * to list all spells.
Your blood is infused with primal strength.
Casting: Wereblood (safe; 1% risk of failure)
Confirm with . or Enter, or press ? or * to list all spells.
Okay, then.
Casting: Wereblood (safe; 1% risk of failure)
Confirm with . or Enter, or press ? or * to list all spells.
You grow a pair of large bovine horns.
Your feet morph into talons.
Unknown command.
A yaktaur comes into view.
A yaktaur captain comes into view.
The yaktaur shouts!
The yaktaur captain shouts!
The yaktaur hits you!
You hear a shout!
The yaktaur captain wields a +0 arbalest.
The yaktaur captain shoots a bolt.
The bolt hits you!!!
The yaktaur wields a +0 arbalest.
The yaktaur shoots a bolt.
The bolt hits you!
A yaktaur captain comes into view.
A yaktaur comes into view.
The yaktaur captain wields a +0 arbalest.
The yaktaur captain shoots a bolt.
The bolt hits you!!
* * * LOW HITPOINT WARNING * * *
The yaktaur captain shoots a bolt.
The bolt hits you!!
You die...
Your body crumbles into a pile of gold.

..#..##.)'.......#...~~~~#*,*****
▓▓▓▓▓▓▓▓▓#.^....^#.......#*,,,,,,
...~~~...#......^#.......#*******
≈≈≈≈≈♣♣P.'..^....#.......#*,,,,,,
♣♣♣♣♣♣♣PP#....^..#########*+*****
♣♣♣##'########*******,*,,,*
*********#.).'.≈≈≈≈#*~,~~~*,,*,*,
~~~~,,*,,#)..#.≈≈≈§#~,~*~~*,,,*,*
~~~,,,*$$#...#.#@§≈#*,**~~*,,*,,,
~~~~****+#####.#c≈§≈#**~~~*,*,,,,
~,,,,,,,,#.....###≈§§§~~~~*******
,,+******#....)#,*c≈≈≈§~~~*,,,*,,
,,*,,,,,,#.)).)#+*##≈≈≈≈~~*,,,*,,
,,****,_,#.....#,,,*c≈≈§~~**+***+
*********#'#####,,,**#≈≈***,,,,,,
,,,,,,,**#.....+,,,+,*c#*,*,*****
,,,,,,,,*#.#####********,,+,*,,,+


You could see 2 yaktaur captains and 2 yaktaurs.

Vanquished Creatures
  Sigmund (D)
  Erolcha (D)
  An orange crystal statue (D)
  A deep elf pyromancer (D)
  3 orc sorcerers (D)
  Edmund (D)
  2 cane toads (D)
  A komodo dragon (D)
  A rime drake (D)
  A queen bee (D)
  3 wandering mushrooms (D)
  A tyrant leech (D)
  3 orc high priests (D)
  5 blink frogs (D)
  A shadow (D)
  3 redbacks (D)
  A spatial vortex (D)
  2 orc warriors (D)
  A swamp drake (D)
  5 two-headed ogres (D)
  A water elemental (D)
  A necrophage (D)
  31 killer bees (D)
  Crazy Yiuf (D)
  4 orc priests (D)
  A jelly (D)
  Jessica (D)
  A wizard (D)
  A necromancer (D)
  4 orc wizards (D)
  3 humans (D)
  A kobold demonologist (D)
  6 orcs (D)
  2 endoplasms (D)
  A rat (D)
97 creatures vanquished.

Vanquished Creatures (collateral kills)
  A killer bee (D)
1 creature vanquished.

Vanquished Creatures (others)
  8 plants (D)
8 creatures vanquished.

Grand Total: 106 creatures vanquished

Notes
Turn   | Place    | Note
-------+----------+-------------------------------------------
     0 | D        | mhtbhm the Troll Transmuter began the quest for the Orb.
     0 | D        | Reached XP level 1. HP: 18/18 MP: 1/1
    65 | D        | Noticed Jessica
    79 | D        | Killed Jessica
    80 | D        | Reached skill level 5 in Unarmed Combat
    80 | D        | Reached XP level 2. HP: 4/26 MP: 0/4
    80 | D        | Reached XP level 3. HP: 5/32 MP: 0/5
   145 | D        | Learned a level 2 spell: Wereblood
   149 | D        | Learned a level 3 spell: Spider Form
   566 | D        | Noticed Crazy Yiuf
   737 | D        | Killed Crazy Yiuf
   738 | D        | Reached skill level 6 in Unarmed Combat
   738 | D        | Reached XP level 4. HP: 40/40 MP: 2/7
   782 | D        | Noticed a water elemental
   786 | D        | Killed a water elemental
   787 | D        | Reached skill level 1 in Fighting
   787 | D        | Reached skill level 1 in Poison Magic
   787 | D        | Reached XP level 5. HP: 41/48 MP: 8/8
   813 | D        | Noticed a shadow
   820 | D        | Killed a shadow
   821 | D        | Reached skill level 8 in Unarmed Combat
   821 | D        | Reached XP level 6. HP: 39/55 MP: 6/11
   964 | D        | Found a blossoming altar of Fedhas.
   964 | D        | Found a stormy altar of Qazlal.
   964 | D        | Found a snail-covered altar of Cheibriados.
   964 | D        | Found a burning altar of Makhleb.
   964 | D        | Found a shimmering altar of Xom.
   968 | D        | Found a hazy altar of Hepliaklqana.
   968 | D        | Found an opulent altar of Gozag.
   968 | D        | Found a sparkling altar of Nemelex Xobeh.
   968 | D        | Found a corrupted altar of Lugonu.
   968 | D        | Found a viscous altar of Jiyva.
   968 | D        | Noticed a spatial vortex
   977 | D        | Killed a spatial vortex
   978 | D        | Reached skill level 1 in Stealth
   978 | D        | Reached skill level 9 in Unarmed Combat
   978 | D        | Reached skill level 5 in Transmutations
   981 | D        | Became a worshipper of Gozag Ym Sagoz the Greedy
  1029 | D        | Learned a level 4 spell: Ice Form
  1031 | D        | Found a shadowy altar of Dithmenos.
  1036 | D        | Reached skill level 5 in Spellcasting
  1036 | D        | Reached XP level 7. HP: 60/62 MP: 9/13
  1036 | D        | Found a basalt altar of Yredelemnul.
  1036 | D        | Found a sacrificial altar of Ru.
  1044 | D        | Found a hide-covered altar of Uskayaw.
  1044 | D        | Found an iron altar of Okawaru.
  1045 | D        | Found a bloodstained altar of Trog.
  1045 | D        | Found an ornate altar of the Wu Jian Council.
  1045 | D        | Noticed a human
  1045 | D        | Noticed a human
  1052 | D        | Killed a human
  1054 | D        | Killed a human
  1055 | D        | Reached skill level 10 in Unarmed Combat
  1923 | D        | Found a radiant altar of Vehumet.
  1924 | D        | Found a shimmering blue altar of Sif Muna.
  1924 | D        | Found an ancient bone altar of Kikubaaqudgha.
  1932 | D        | Found a glowing silver altar of Zin.
  1933 | D        | Found a glowing golden altar of the Shining One.
  1933 | D        | Found a white marble altar of Elyvilon.
  1933 | D        | Noticed a deep elf pyromancer
  1936 | D        | Killed a deep elf pyromancer
  1937 | D        | Reached skill level 5 in Dodging
  1937 | D        | Reached skill level 1 in Ice Magic
  1937 | D        | Reached XP level 8. HP: 72/72 MP: 10/16
  2049 | D        | Noticed a two-headed ogre
  2054 | D        | Killed a two-headed ogre
  2055 | D        | Reached skill level 11 in Unarmed Combat
  2062 | D        | Noticed a two-headed ogre
  2062 | D        | Noticed Erolcha
  2069 | D        | Killed a two-headed ogre
  2070 | D        | Reached XP level 9. HP: 60/80 MP: 13/18
  2071 | D        | Killed Erolcha
  2072 | D        | Reached skill level 1 in Evocations
  2133 | D        | Reached skill level 12 in Unarmed Combat
  2146 | D        | Noticed a wandering mushroom
  2150 | D        | Noticed a wandering mushroom
  2152 | D        | Noticed a wandering mushroom
  2157 | D        | Killed a wandering mushroom
  2244 | D        | Killed a wandering mushroom
  2250 | D        | Killed a wandering mushroom
  2258 | D        | Noticed a cane toad
  2258 | D        | Noticed a komodo dragon
  2258 | D        | Noticed a cane toad
  2262 | D        | Killed a cane toad
  2263 | D        | Killed a cane toad
  2264 | D        | Reached XP level 10. HP: 88/89 MP: 16/21
  2266 | D        | Reached skill level 13 in Unarmed Combat
  2469 | D        | Reached skill level 14 in Unarmed Combat
  2805 | D        | Found Nodyi's Antique Weapon Emporium.
  2809 | D        | Noticed an orc sorcerer
  2809 | D        | Noticed an orc sorcerer
  2809 | D        | Noticed an orc sorcerer
  2812 | D        | Noticed a sun demon
  2813 | D        | Noticed a smoke demon
  2817 | D        | Noticed a rust devil
  2823 | D        | Reached XP level 11. HP: 100/100 MP: 17/22
  2824 | D        | Killed an orc sorcerer
  2825 | D        | Reached skill level 15 in Unarmed Combat
  2825 | D        | Killed an orc sorcerer
  2847 | D        | Paralysed by an orc sorcerer for 3 turns
  2851 | D        | Killed an orc sorcerer
  2852 | D        | Reached skill level 5 in Stealth
  3014 | D        | Noticed Sigmund
  3014 | D        | Noticed Edmund
  3026 | D        | Killed Edmund
  3027 | D        | Killed Sigmund
  3028 | D        | Reached skill level 16 in Unarmed Combat
  3084 | D        | Reached skill level 5 in Fighting
  3132 | D        | Noticed an orange crystal statue
  3140 | D        | Killed an orange crystal statue
  3153 | D        | Found Tubb's Jewellery Emporium.
  3153 | D        | Found Kaecw's Antique Armour Shop.
  3153 | D        | Found Qelin's Armour Boutique.
  3153 | D        | Found Qawn's Magic Scroll Shoppe.
  3153 | D        | Found Qocwaivu's Antique Weapon Boutique.
  3153 | D        | Found Beseako's Assorted Antiques.
  3153 | D        | Found Jedupokh's Book Shoppe.
  3153 | D        | Found Piqeagg's Book Shop.
  3153 | D        | Found Pagalife's Distillery.
  3153 | D        | Found Ollemehe's Antique Weapon Emporium.
  3153 | D        | Found Laco's Assorted Antiques.
  3195 | D        | Bought an amulet of reflection for 360 gold pieces
  3195 | D        | Bought a ring of flight for 210 gold pieces
  3200 | D        | Bought 2 scrolls labelled RIH HEON CAK for 42 gold pieces
  3200 | D        | Bought a twisted glowing staff for 252 gold pieces
  3204 | D        | Bought a potion of haste for 120 gold pieces
  3204 | D        | Bought a potion of haste for 120 gold pieces
  3204 | D        | Bought a potion of heal wounds for 60 gold pieces
  3204 | D        | Bought a potion of might for 48 gold pieces
  3204 | D        | Bought 2 potions of curing for 72 gold pieces
  3204 | D        | Bought a potion of curing for 36 gold pieces
  3212 | D        | Bought a runed scarf for 168 gold pieces
  3231 | D        | Bought a scroll labelled POEROB UXE for 20 gold pieces
  3231 | D        | Bought a white potion for 18 gold pieces
  3231 | D        | Bought a red potion for 18 gold pieces
  3234 | D        | Bought a potion of curing for 63 gold pieces
  3254 | D        | Bought a scroll of fear for 48 gold pieces
  3254 | D        | Bought a scroll of magic mapping for 90 gold pieces
  3377 | D        | Noticed a yaktaur captain
  3379 | D        | Noticed a yaktaur captain
  3379 | D        | Shot with a bolt by a yaktaur captain

Illustrated notes

Levels and vault maps discovered:
D:        dungeon_sprint_mu [sprint_mu_entry_cave, sprint_mu_temple_rooms,
          sprint_mu_d1_spiders, sprint_mu_d2_genie, sprint_mu_d3_branching,
          sprint_mu_orc_legion, sprint_mu_elf_gauntlet, sprint_mu_hive_nellie,
          sprint_mu_lair_fedhas, sprint_mu_vaults_butterflies,
          sprint_mu_slime_circle, sprint_mu_swamp_cave, sprint_mu_snake_twists,
          sprint_mu_blade_basic, sprint_mu_crypt_lich, sprint_mu_tomb_spiral,
          sprint_mu_vestibule_basic, sprint_mu_gehenna_hellfire,
          sprint_mu_dis_giant, sprint_mu_tartarus_statrot,
          sprint_mu_cocytus_islands, sprint_mu_zot1]

Skill      XL: |  1  2  3  4  5  6  7  8  9 10 11 |
---------------+----------------------------------+-----
Dodging        | 2 3 4 5 6 7 8 |  8.3
Unarmed Combat | 5 6 8 9 10 11 12 14 16 | 16.3
Spellcasting   | 2 3 4 5 6 7 8 9 |  9.3
Transmutations | 2 3 4 5 6 7 8 9 |  9.7
Fighting       | 1 2 4 5 |  5.0
Poison Magic   | 1 2 |  2.7
Stealth        | 1 2 4 5 |  5.6
Ice Magic      | 1 2 3 4 |  4.9
Evocations     | 1 2 3 |  3.4

Action                   |  1- 3 |  4- 6 |  7- 9 | 10-12 || total
-------------------------+-------+-------+-------+-------++-------
Melee: Unarmed           |    23 |    21 |    49 |    84 ||   177
       Kick              |     5 |     4 |     7 |       ||    16
       Headbutt          |     3 |     3 |     3 |       ||     9
       Punch             |       |     2 |     3 |     3 ||     8
 Cast: Beastly Appendage |     6 |     3 |     1 |     1 ||    11
       Wereblood         |     2 |     3 |     5 |     8 ||    18
       Spider Form       |     2 |       |     1 |       ||     3
       Ice Form          |       |       |     4 |     8 ||    12
Evoke: Wand              |       |     1 |       |     1 ||     2
       Condenser vane    |       |       |     3 |     6 ||     9
  Use: Potion            |       |       |       |     1 ||     1
       Scroll            |       |       |       |     4 ||     4
 Stab: Confused          |       |       |     5 |     3 ||     8
Armor: Robe              |     1 |     4 |     2 |       ||     7
       Skin              |       |       |     1 |    14 ||    15
Dodge: Dodged            |    12 |     2 |    33 |    40 ||    87

Table legend: (Time is in decaauts)
 A = Elapsed time spent in this place.
 B = Non-inter-level travel time spent in this place.
 C = Inter-level travel time spent in this place.
 D = Time resting spent in this place.
 E = Time spent auto-exploring this place.
 F = Levels seen in this place.
 G = Mean time per level.
                   A        B        C        D        E       F      G
               +--------+--------+--------+--------+--------+-----+--------+
         Total |   3341 |   3341 |      0 |   2164 |     38 |   1 | 3341.0 |
       Dungeon |   3341 |   3341 |      0 |   2164 |     38 |   1 | 3341.0 |
               +--------+--------+--------+--------+--------+-----+--------+

Top non-repeatable levels by time:
       D: 3341 daAuts
